 Dungeon Crawl Stone Soup version 0.18-a0-990-g74cdb39 (webtiles) character file.

17262 Alethiolet the Basher (level 12, -6/81 HPs)
             Began as a Demonspawn Wanderer on Jan 3, 2016.
             Was a High Priest of Ashenzari.
             Killed from afar by a deep elf mage (28 damage)
             ... with a bolt of lightning
             ... on level 1 of the Orcish Mines.
             The game lasted 00:49:40 (12609 turns).

Alethiolet the Basher (Demonspawn Wanderer)        Turns: 12609, Time: 00:49:40

Health: -6/81      AC: 16    Str: 13 (14) XL:     12   Next: 17%
Magic:  12/12      EV: 19    Int: 14 (18) God:    Ashenzari [*****.]
Gold:   1849       SH:  0    Dex: 19 (20) Spells: 0 memorised, 11 levels left

rFire  + . .     SeeInvis +     m - +4 whip (elec) (curse)
rCold  + + +     Gourm    .     I - +2 swamp dragon armour (curse)
rNeg   . . .     Faith    .     (no shield)
rPois  +         Spirit   .     (helmet restricted)
rElec  .         Dismiss  .     e - +0 cloak (curse)
rCorr  .         Reflect  .     (no gloves)
SustAt .         Harm     .     Q - +0 pair of boots of the Shining Light {Str+2 Int+2 Slay+5} (curse)
MR     +....     Clarity  +     y - amulet of regeneration (curse)
Stlth  ++++......               w - ring of protection from cold
                                h - ring of protection from fire (curse)

@: drained, somewhat resistant to hostile enchantments, stealthy
A: antennae 1, thin skeletal structure 2, cold resistance 2, deterioration 2,
low mp 1, magic resistance 1, nightstalker 1, poison resistance
a: Scrying, Transfer Knowledge, Renounce Religion


You were on level 1 of the Orcish Mines.
You worshipped Ashenzari.
Ashenzari was extremely pleased with you.
You were not hungry.

You visited 2 branches of the dungeon, and saw 13 of its levels.
You also visited: Labyrinth and Volcano.

You collected 1939 gold pieces.
You spent 90 gold pieces at shops.

Inventory:

Hand Weapons
 m - a cursed +4 whip of electrocution (weapon)
 r - a +0 demon whip of flaming
 G - a +2 morningstar of flaming
 R - the +8 quarterstaff "Xolit" {speed, Dex+4}
   (You found it on level 9 of the Dungeon)

   Attacks with this weapon are significantly faster.
   It affects your dexterity (+4).
Missiles
 b - 4 throwing nets (quivered)
Armour
 e - a cursed +0 cloak (worn)
 I - a cursed +2 swamp dragon armour (worn)
 Q - the cursed +0 pair of boots of the Shining Light (worn) {Str+2 Int+2 Slay+5}
   (You found it in a volcano)

   It affects your strength (+2).
   It affects your intelligence (+2).
   It affects your accuracy and damage with ranged weapons and melee attacks
   (+5).
   It has a curse placed upon it.
 W - a steam dragon hide
Rods
 P - a +5 rod of shadows (14/14)
   (You found it in a labyrinth)
Jewellery
 h - a cursed ring of protection from fire (left hand)
 i - an uncursed amulet of resist corrosion
 j - an uncursed ring of wizardry
 k - an uncursed ring of magical power
 l - a cursed ring of teleportation
 s - an uncursed amulet of rage
 w - a ring of protection from cold (right hand)
 x - an uncursed ring of wizardry
 y - a cursed amulet of regeneration (around neck)
 V - a +2 ring of protection
Wands
 z - a wand of polymorph (7/24)
 C - a wand of digging (4/24)
 F - a wand of draining (7/15)
 H - a wand of confusion (21/48)
 L - a wand of paralysis (10/24)
 S - a wand of digging (12/24)
Scrolls
 c - 7 scrolls of teleportation
 d - a scroll of fog
 f - a scroll of silence
 p - 2 scrolls of amnesia
 u - 2 scrolls of recharging
 v - 2 scrolls of fear
 O - a scroll of remove curse
 U - 2 scrolls of curse jewellery
Potions
 o - 3 potions of magic
 q - a potion of cure mutation
 t - a potion of ambrosia
 B - a potion of brilliance
 E - 2 potions of curing
 M - 2 potions of might
 T - a potion of berserk rage
Books
 a - the Collected Works on Transmutation
   (You found it in a labyrinth)

   Spells                             Type                      Level
   a - Yara's Violent Unravelling     Hexes/Transmutation          5
   b - Blade Hands                    Transmutation                5
   c - Statue Form                    Transmutation/Earth          6
 Y - the Volume of Fate
   (You found it in a labyrinth)

   Spells                             Type                      Level
   a - Beastly Appendage              Transmutation                1
   b - Ignite Poison                  Fire/Transmutation/Poison    3
   c - Summon Guardian Golem          Hexes/Summoning              3
   d - Metabolic Englaciation         Hexes/Ice                    5
   e - Hydra Form                     Transmutation                6
 Z - a book of Geomancy

   Spells                             Type                      Level
   a - Sandblast                      Earth                        1
   b - Stoneskin                      Transmutation/Earth          2
   c - Passwall                       Transmutation/Earth          3
   d - Stone Arrow                    Conjuration/Earth            3
   e - Petrify                        Transmutation/Earth          4
   f - Lee's Rapid Deconstruction     Earth                        5
Comestibles
 g - a beef jerky
 n - a slice of pizza
 A - 5 fruits
 J - a bread ration
 K - 10 royal jellies


   Skills:
 - Level 3.0(2.8) Fighting
   Level 2.0(1.8) Short Blades
 - Level 12.2(15.6) Maces & Flails
 - Level 1.0(7.8) Staves
 + Level 10.1(12.3) Armour
 * Level 8.5(10.9) Dodging
 - Level 2.1(1.9) Stealth
 - Level 3.2(5.3) Evocations


You had 11 spell levels left.
You didn't know any spells.

Dungeon Overview and Level Annotations

Branches:
Dungeon (11/15)            Temple (0/1) D:4            Lair (0/8) D:9
    Orc (2/2) D:11            Elf (0/3) Orc:2

Altars:
Ashenzari
Elyvilon
Kikubaaqudgha
Nemelex Xobeh
Okawaru
Qazlal
Ru
Sif Muna
Trog
The Shining One
Beogh

Shops:
D:7 (   D:9 (   D:11 %(   Orc:2 %?

Annotations:
D:5 Menkaure
Orc:2 Saint Roka


Innate Abilities, Weirdness & Mutations

You have a pair of small antennae on your head.
You have a moderately thin skeletal structure (Dex +4, Stealth+).
Your flesh is very cold resistant.
You are slightly more attuned to the shadows.
Your body often deteriorates upon taking damage.
Your magical capacity is low (-10% MP).
You are resistant to hostile enchantments.
Your system is resistant to poisons.


Message History

a +3 dagger of draining; a +0 robe; a +0 flail; an orc corpse
Items here: )) [ † a +3 dagger of draining; a +0 robe; a +0 flail; an orc corpse
Things that are here:
a +0 dagger; a +0 robe The deep elf mage gestures at you while chanting.
The bolt of lightning misses you.
The deep elf mage mumbles some strange words.
The deep elf mage blinks!
The deep elf mage points at you and mumbles some strange words.
The bolt of lightning misses you.
The deep elf mage gestures at you while chanting.
The bolt of lightning hits you!
* * * LOW HITPOINT WARNING * * *
Your body deteriorates!
You feel weakened.
Things that are here:
a +0 scimitar; a +0 chain mail; an orc corpse The deep elf mage casts a spell at you.
The bolt of lightning hits you!
You die...

*, , , ,,, ,,*
.## # ** ,, ,,,,,
, * ...........,
, ,*
,.........#.#. **
*
###.......#....,,
*
##......e.....#,,
#.....$.......#
** #.$..........#
#...#.(@.....#
*#....#)....##
#.....))....#
##.........##
##.....#.##
##..##### ####


You could see a deep elf mage.

Vanquished Creatures
  An ettin (Orc:1)
  A minotaur (Lab)
  An orc high priest (Orc:2)
  A manticore (D:11)
  2 deep elf magi
  A cyclops (D:11)
  An ugly thing (D:11)
  6 centaur skeletons
  A guardian mummy (Volcano)
  5 trolls
  The ghost of Alethiolet the Sneak, an amateur DsWn (D:4)
  2 two-headed ogres (Orc:2)
  Prince Ribbit (D:6)
  2 minotaur skeletons (Volcano)
  A trapdoor spider zombie (D:10)
  Sigmund (D:6)
  A flying skull (Volcano)
  A shadow (D:11)
  A vampire (Volcano)
  9 yaks
  A wraith (D:9)
  2 steam dragons (D:10)
  A hippogriff (D:8)
  A warg (Orc:2)
  A merfolk skeleton (Volcano)
  2 water moccasins
  20 orc warriors
  2 wasps (D:9)
  3 ice beasts
  A sky beast (D:11)
  3 centaurs
  7 ogres
  A crocodile (D:11)
  2 manticore skeletons (Volcano)
  A big kobold (D:10)
  5 giant frogs
  A gnoll sergeant (D:11)
  A scorpion (D:8)
  10 killer bees
  A troll skeleton (Volcano)
  2 crimson imps
  A giant frog zombie (D:6)
  A quasit (D:9)
  2 centaur zombies
  7 jellies
  16 orc priests
  22 orc wizards
  A giant frog skeleton (D:6)
  6 hounds
  A two-headed ogre skeleton (Volcano)
  3 iguanas
  3 hell rats (D:9)
  5 worker ants
  A sheep (D:9)
  3 ogre skeletons (Volcano)
  4 mummies (Volcano)
  A naga skeleton (Volcano)
  A hound skeleton (D:9)
  A worker ant zombie (D:11)
  4 gnolls (D:11)
  2 river rats (D:9)
  10 adders
  A shadow imp (D:11)
  5 oozes (D:8)
  2 worms
  10 giant geckos
  69 orcs
  2 ball pythons
  4 giant cockroaches
  10 goblins
  6 hobgoblins
  23 jackals
  9 kobolds
  5 quokkas
  7 bats
  A giant gecko skeleton (D:5)
  A giant gecko zombie (D:5)
  3 giant newts (D:2)
  12 rats
373 creatures vanquished.

Notes
Turn   | Place    | Note
--------------------------------------------------------------
     0 | D:1      | Alethiolet the Demonspawn Wanderer began the quest for the Orb.
     0 | D:1      | Alethiolet set off with: a +0 leather armour, 2 throwing nets, 2 scrolls of teleportation, a +0 dagger, a bread ration
     0 | D:1      | Reached XP level 1. HP: 18/18 MP: 1/1
   599 | D:1      | Gained mutation: Your flesh is cold resistant. [demonic ancestry]
   599 | D:1      | Reached XP level 2. HP: 22/24 MP: 2/2
  1566 | D:2      | Found an ancient bone altar of Kikubaaqudgha.
  1586 | D:2      | Reached XP level 3. HP: 29/29 MP: 3/3
  1635 | D:2      | Reached skill level 1 in Maces & Flails
  1652 | D:2      | Found a shattered altar of Ashenzari.
  1656 | D:2      | Became a worshipper of Ashenzari the Shackled
  2531 | D:2      | Reached XP level 4. HP: 31/35 MP: 4/4
  2671 | D:3      | Found a stormy altar of Qazlal.
  2673 | D:3      | Noticed an earth elemental
  2673 | D:3      | Noticed a water elemental
  2674 | D:3      | Noticed an air elemental
  2674 | D:3      | Noticed a fire elemental
  2753 | D:3      | Found a sparkling altar of Nemelex Xobeh.
  3390 | D:3      | Reached * piety under Ashenzari
  3553 | D:4      | Found a staircase to the Ecumenical Temple.
  3583 | D:4      | Noticed Alethiolet's ghost (amateur DsWn)
  3595 | D:4      | Killed Alethiolet's ghost
  3595 | D:4      | Reached skill level 1 in Armour
  3595 | D:4      | Reached XP level 5. HP: 36/41 MP: 5/5
  3595 | D:4      | Reached XP level 6. HP: 41/47 MP: 6/6
  4068 | D:5      | Entered Level 5 of the Dungeon
  4139 | D:5      | Reached ** piety under Ashenzari
  4295 | D:5      | Noticed an orc warrior
  4305 | D:5      | Killed an orc warrior
  4305 | D:5      | Reached skill level 4 in Maces & Flails
  4343 | D:5      | Reached XP level 7. HP: 26/52 MP: 7/7
  4749 | D:5      | Found a glowing golden altar of the Shining One.
  4863 | D:5      | Noticed Menkaure
  5119 | D:6      | Found a white marble altar of Elyvilon.
  5148 | D:6      | Reached skill level 5 in Maces & Flails
  5733 | D:6      | Reached skill level 6 in Maces & Flails
  5733 | D:6      | Gained mutation: You are slightly more attuned to the shadows. [demonic ancestry]
  5733 | D:6      | Reached XP level 8. HP: 58/58 MP: 10/10
  5769 | D:6      | Noticed Prince Ribbit
  5778 | D:6      | Killed Prince Ribbit
  5844 | D:6      | Noticed Sigmund
  5851 | D:6      | Killed Sigmund
  5854 | D:6      | Found a deep blue altar of Sif Muna.
  6048 | D:7      | Found a bloodstained altar of Trog.
  6146 | D:7      | Reached skill level 7 in Maces & Flails
  6546 | D:7      | Reached *** piety under Ashenzari
  6657 | D:7      | Found Jexzoegg's Antique Weapon Boutique.
  6968 | D:8      | Reached skill level 8 in Maces & Flails
  6968 | D:8      | Reached skill level 5 in Armour
  6968 | D:8      | Gained mutation: You have a pair of small antennae on your head. [demonic ancestry]
  6968 | D:8      | Reached XP level 9. HP: 60/63 MP: 11/11
  7122 | D:8      | Found an iron altar of Okawaru.
  7590 | D:9      | Found Miesyvat's Weapon Boutique.
  7636 | D:9      | Found a staircase to the Lair.
  7664 | D:9      | Reached skill level 9 in Maces & Flails
  7918 | D:9      | Found a sacrificial altar of Ru.
  8013 | D:9      | Identified the +8 quarterstaff "Xolit" {speed, Dex+4}
  8242 | D:9      | Reached skill level 10 in Maces & Flails
  8286 | D:10     | Entered Level 10 of the Dungeon
  8393 | D:10     | Gained mutation: You have a somewhat thin skeletal structure (Dex +2, Stealth). [demonic ancestry]
  8393 | D:10     | Reached XP level 10. HP: 60/70 MP: 12/12
  9156 | D:10     | Reached skill level 11 in Maces & Flails
  9250 | D:11     | Found a labyrinth entrance.
  9261 | Lab      | Entered a labyrinth
  9318 | Lab      | Reached **** piety under Ashenzari
  9341 | Lab      | Noticed a minotaur
  9358 | Lab      | Killed a minotaur
  9417 | Lab      | Identified the Volume of Fate
  9422 | Lab      | Identified a +5 rod of shadows (14/14) (You found it in a labyrinth)
  9427 | Lab      | Identified the Collected Works on Transmutation (You found it in a labyrinth)
  9436 | Lab      | Gained mutation: Your flesh is very cold resistant. [potion of mutation]
  9436 | Lab      | Gained mutation: Your body sometimes deteriorates upon taking damage. [potion of mutation]
  9436 | Lab      | Gained mutation: Your system is resistant to poisons. [potion of mutation]
  9440 | Lab      | Identified the +1 ring mail "Fucy Hinef" {Str+6 Dex+3 Slay-4} (You found it in a labyrinth)
  9454 | D:11     | Found Miakung's Food Shoppe.
  9537 | D:11     | Noticed a cyclops
  9569 | D:11     | Killed a cyclops
  9578 | D:11     | Noticed a green ugly thing
  9592 | D:11     | Killed a green ugly thing
  9688 | D:11     | Reached skill level 12 in Maces & Flails
  9691 | D:11     | Gained mutation: You have a moderately thin skeletal structure (Dex +4, Stealth+). [demonic ancestry]
  9691 | D:11     | Reached XP level 11. HP: 38/75 MP: 13/13
 10228 | D:11     | Found Ejeg Via's Antique Weapon Boutique.
 10420 | D:11     | Found a staircase to the Orcish Mines.
 10430 | Orc:1    | Entered Level 1 of the Orcish Mines
 10596 | Orc:1    | Reached skill level 5 in Dodging
 10712 | Orc:1    | Noticed an ettin
 10725 | Orc:1    | Killed an ettin
 10729 | Orc:1    | HP: 2/75 [ogre/giant club (5)]
 11135 | Orc:1    | Noticed a deep elf mage
 11169 | Orc:1    | Killed a deep elf mage
 11220 | Orc:1    | Noticed a deep elf mage
 11220 | Orc:1    | Noticed a deep elf mage
 11220 | Orc:1    | Noticed a deep elf mage
 11231 | Orc:1    | Noticed a deep elf mage
 11231 | Orc:1    | Noticed a deep elf mage
 11231 | Orc:1    | Noticed a deep elf mage
 11233 | Orc:1    | Noticed a soul eater
 11236 | Orc:1    | Gained mutation: Your body often deteriorates upon taking damage. [a neqoxec]
 11238 | Orc:1    | Gained mutation: Your magical capacity is low (-10% MP). [a neqoxec]
 11309 | Orc:2    | Entered Level 2 of the Orcish Mines
 11309 | Orc:2    | Found a staircase to the Elven Halls.
 11309 | Orc:2    | Noticed a deep elf mage
 11319 | Orc:2    | Killed a deep elf mage
 11331 | Orc:2    | Found a dark tunnel.
 11342 | Volcano  | Entered a volcano
 11441 | Volcano  | Reached ***** piety under Ashenzari
 11701 | Volcano  | Got the uncursed pair of boots of the Shining Light {Str+2 Int+2 Slay+5}
 11712 | Volcano  | Identified the +0 pair of boots of the Shining Light {Str+2 Int+2 Slay+5} (You found it in a volcano)
 11735 | Volcano  | Gained mutation: You are resistant to hostile enchantments. [potion of beneficial mutation]
 11882 | Orc:2    | Found a roughly hewn altar of Beogh.
 11989 | Orc:2    | Found a roughly hewn altar of Beogh.
 12000 | Orc:2    | Reached XP level 12. HP: 63/81 MP: 12/12
 12022 | Orc:2    | Found Jehaxkeu's Magic Scroll Boutique.
 12033 | Orc:2    | Bought a scroll of enchant armour for 90 gold pieces
 12172 | Orc:2    | Found a roughly hewn altar of Beogh.
 12212 | Orc:2    | Reached skill level 10 in Armour
 12221 | Orc:2    | Found a roughly hewn altar of Beogh.
 12240 | Orc:2    | Noticed an orc high priest
 12260 | Orc:2    | Killed an orc high priest
 12262 | Orc:2    | Found Cehusotu's Food Shoppe.
 12387 | Orc:2    | Found a roughly hewn altar of Beogh.
 12551 | Orc:2    | Noticed an ettin
 12565 | Orc:2    | Noticed Saint Roka
 12609 | Orc:1    | Killed from afar by a deep elf mage

Vault maps used:
D:1:      lightli_iron_boxes
D:2:      kiku_gazebo_pond_becter, nicolae_ashenzari_panopticon
D:3:      nicolae_overflow_crystal_walls, nicolae_qazlal_style_of_elements,
          first_bread
D:4:      minmay_temple_entry_junction
D:5:      tso_oasis_becter, uniq_menkaure, uniq_blork_the_orc
D:6:      lemuel_round_altar, basic_altar, uniq_prince_ribbit1, uniq_sigmund
D:7:      bloody_trog, serial_shops, nicolae_shop_crystal
D:8:      old_standard_altar, hangedman_little_slice_of_home
D:9:      dpeg_lair_monsters, serial_shops, kennysheep_mini,
          nicolae_ru_path_of_blood
D:11:     david_orc_4, lab_entry_generic, serial_shops, shop, shop
Orc:1:    elves_outpost_lemuel
Orc:2:    grunt_orc_community_town_hall, grunt_orc_community_big_house_1,
          grunt_orc_community_big_house_1, grunt_orc_community_house_1,
          grunt_orc_community_house_3, grunt_orc_community_house_2,
          grunt_orc_community_house_1, enter_volcano_2
Lab:      labyrinth_watery, lab_block, nicolae_lab_garden, nicolae_lab_swirl,
          labyrinth_skeletal_remains, nicolae_lab_checkerboard
Volcano:  volcano_tomb

Action                   |  1- 3 |  4- 6 |  7- 9 | 10-12 || total
-------------------------+-------+-------+-------+-------++-------
Melee: Dagger            |    86 |       |       |       ||    86
       Whip              |    79 |   148 |   392 |   690 ||  1309
 Abil: Evoke Berserk Rag |       |       |     1 |       ||     1
Evoke: Wand              |       |       |       |     2 ||     2
  Use: Scroll            |     5 |    13 |     5 |     9 ||    32
       Potion            |       |     1 |     2 |     9 ||    12
 Stab: Sleeping          |     5 |     1 |    12 |    12 ||    30
       Distracted        |       |       |       |     4 ||     4
  Eat: Chunk             |     1 |     2 |       |     1 ||     4
       Bread ration      |     1 |     1 |     2 |     1 ||     5
       Meat ration       |       |       |     1 |     2 ||     3
       Beef jerky        |       |       |       |     1 ||     1
